 Dungeon Crawl Stone Soup version 0.30.0-15-g856e2d3f33 (webtiles) character file.

Game seed: 10314977407890869460

80736 Kranky the Slayer (level 15, -3/158 HPs)
             Began as a Minotaur Gladiator on May 20, 2023.
             Was an Initiate of Gozag.
             Killed from afar by a deep elf zephyrmancer (21 damage)
             ... with a bolt of lightning
             ... on level 14 of the Dungeon.
             The game lasted 00:53:47 (25082 turns).

Kranky the Slayer (Minotaur Gladiator)             Turns: 25082, Time: 00:53:51

Health: -3/158     AC: 24    Str: 32    XL:     15   Next: 24%
Magic:  0/24       EV: 10    Int: 10    God:    Gozag
Gold:   5695       SH: 10    Dex: 12    Spells: 14/14 levels left

rFire   + . .        G - +3 trident (venom)
rCold   . . .        F - +0 kite shield
rNeg    . . .        H - +1 plate armour
rPois   .            b - +3 hat of Pondering {ponderous, Will+ MP+10 Int+5}
rElec   .            (no cloak)
rCorr   .            u - +0 pair of gloves
SInv    .            P - +0 pair of boots
Will    ++...        t - amulet of guardian spirit Stlth
                     h - +6 ring of strength
HPRegen 0.46/turn    V - ring of protection from fire
MPRegen 0.19/turn

%: guardian spirit
@: gold aura, slow
A: horns 2, retaliatory headbutt
a: Renounce Religion, Potion Petition, Call Merchant, Bribe Branch


You were on level 14 of the Dungeon.
You worshipped Gozag.
Gozag was greatly pleased with you.
You visited 3 branches of the dungeon, and saw 20 of its levels.

You collected 5988 gold pieces.
You spent 240 gold pieces at shops.
You paid 53 gold pieces to Gozag.

Inventory:

Hand Weapons
 G - a +3 trident of venom (weapon)
Missiles
 d - 4 throwing nets (quivered)
 e - 13 javelins
Armour
 b - the +3 hat of Pondering (worn) {ponderous, Will+ MP+10 Int+5}
   (You took it off Gastronok on level 10 of the Dungeon)

   Int:       It affects your intelligence (+5).
   MP:        It affects your magic capacity (+10).
   Will:      It increases your willpower.
 u - a +0 pair of gloves (worn)
 w - +0 fire dragon scales
 F - a +0 kite shield (worn)
 H - a +1 plate armour (worn)
 P - a +0 pair of boots (worn)
Jewellery
 h - a +6 ring of strength (left hand)
 p - a ring of ice
 s - a ring of positive energy
 t - an amulet of guardian spirit (around neck)
 V - a ring of protection from fire (right hand)
 Z - a ring of protection from cold
Wands
 j - a wand of charming (2)
 q - a wand of flame (31)
 y - a wand of roots (6)
 E - a wand of light (6)
 W - a wand of digging (8)
Scrolls
 a - 2 scrolls of immolation
 g - 7 scrolls of teleportation
 i - a scroll of identify
 k - a scroll of magic mapping
 l - 2 scrolls of silence
 o - 3 scrolls of fear
 r - a scroll of blinking
 A - 2 scrolls of amnesia {unknown}
 B - 5 scrolls of enchant armour
 T - 5 scrolls of poison
 U - 2 scrolls of enchant weapon
 X - 3 scrolls of fog {unknown}
Potions
 c - a potion of cancellation
 f - 16 potions of curing
 m - a potion of ambrosia
 n - 4 potions of flight
 v - a potion of brilliance
 z - 4 potions of haste
 C - 3 potions of might
 I - a potion of resistance {unknown}
 J - a potion of invisibility
 L - 2 potions of mutation
 M - 2 potions of lignification
 O - 2 potions of berserk rage
 Q - a potion of heal wounds
 R - 2 potions of degeneration
Miscellaneous
 x - a phantom mirror
 D - a piece from Xom's chessboard (15/15)


   Skills:
 + Level 21.5 Fighting
 + Level 14.7 Polearms
 - Level 2.0 Throwing
 + Level 14.8 Armour
 - Level 6.0 Dodging
 + Level 9.3 Shields
 - Level 6.0 Evocations


You had 14 spell levels left.
You didn't know any spells.
Your spell library contained the following spells:

 Spells                   Type           Power      Damage    Failure   Level
 Beastly Appendage        Tmut           0%         N/A       96%         1
 Kiss of Death            Conj/Necr      0%         2d5       96%         1
 Shock                    Conj/Air       0%         1d3       96%         1
 Blink                    Tloc           0%         N/A       99%         2
 Cigotuvi's Dreadful Rot  Necr/Pois/Air  0%         N/A       99%         2
 Lesser Beckoning         Tloc           0%         N/A       99%         2
 Momentum Strike          Conj/Tloc      0%         3d8       99%         2
 Wereblood                Tmut           0%         N/A       99%         2
 Confusing Touch          Hex            0%         N/A       100%        3
 Gell's Gravitas          Tloc           0%         N/A       100%        3
 Ignite Poison            Fire/Tmut/Pois 0%         N/A       100%        3
 Portal Projectile        Hex/Tloc       0%         N/A       100%        3
 Spider Form              Tmut/Pois      0%         N/A       100%        3
 Swiftness                Air            0%         N/A       100%        3
 Teleport Other           Tloc           0%         N/A       100%        3
 Tukima's Dance           Hex            0%         N/A       100%        3
 Vhi's Electric Charge    Tloc/Air       0%         N/A       100%        3
 Volatile Blastmotes      Fire/Tloc      0%         2d10      100%        3
 Airstrike                Air            0%         2d(0-16)  100%        4
 Dispel Undead            Necr           0%         3d6       100%        4
 Fulminant Prism          Conj/Hex       0%         3d5       100%        4
 Iskenderun's Mystic Bla  Conj/Tloc      0%         2d3       100%        4
 Summon Lightning Spire   Summ/Air       0%         N/A       100%        4
 Arcjolt                  Conj/Air       0%         1d10      100%        5
 Blade Hands              Tmut           0%         N/A       100%        5
 Freezing Cloud           Conj/Ice/Air   0%         6-21      100%        5
 Lee's Rapid Deconstruct  Erth           0%         3d4*      100%        5
 Dispersal                Tloc           0%         N/A       100%        6
 Storm Form               Tmut/Air       0%         N/A       100%        7
 Maxwell's Capacitive Co  Air            0%         ∞         100%        8


Dungeon Overview and Level Annotations

Branches:
Dungeon (14/15)            Temple (1/1) D:4            Lair (5/5) D:11
  Swamp (0/4) Lair:2       Spider (0/4) Lair:3        Slime (0/5) Lair:4
    Orc (0/2) D:10         Vaults (0/5) D:14

Altars:
Ashenzari
Cheibriados
Dithmenos
Elyvilon
Fedhas
Gozag
Hepliaklqana
Kikubaaqudgha
Makhleb
Nemelex Xobeh
Okawaru
Qazlal
Ru
Sif Muna
Trog
Uskayaw
Vehumet
Wu Jian
Xom
Yredelemnul
Zin
The Shining One
Jiyva

Shops:
D:1 :!?*(   D:3 *   D:9 *   D:10 :*

Portals:
Trove: D:10 (give crown of Dyrovepreva)

Annotations:
D:9 3 runed translucent doors, turdburglar's ghost, novice MfGl
D:14 Lodul


Innate Abilities, Weirdness & Mutations

You have a pair of horns on your head.
You reflexively headbutt those who attack you in melee.


Message History

The deep elf archer wields a +0 shortbow.
The deep elf archer shoots an arrow.
The arrow hits you!
You hear some strange, mumbled words.
A lance of force appears from out of thin air!
The lance of force misses you.
The deep elf pyromancer moves out of view.
You hear some strange, mumbled words.
A lance of force appears from out of thin air!
The lance of force hits you!
* * * LOW HITPOINT WARNING * * *
You are knocked back by the lance of force.
You slam into the rock wall!
* * * LOW HITPOINT WARNING * * *
A deep elf zephyrmancer comes into view.
It is wielding a +0 dagger.
The deep elf pyromancer hits you but does no damage.
The deep elf archer shoots an arrow.
You block the arrow.
The deep elf zephyrmancer shouts!
You puncture the deep elf pyromancer!
The deep elf pyromancer looks as sick as possible!
You headbutt the deep elf pyromancer!
The deep elf pyromancer is heavily wounded.
You hear some strange, mumbled words.
A shard of ice appears from out of thin air!
The shard of ice misses you.
The deep elf pyromancer completely misses you.
The deep elf archer shoots an arrow.
The arrow hits you.
* * * LOW HITPOINT WARNING * * *
You puncture the deep elf pyromancer!
The deep elf pyromancer looks as sick as possible!
You headbutt the deep elf pyromancer.
You kill the deep elf pyromancer!
You hear some strange, mumbled words.
A shard of ice appears from out of thin air!
The shard of ice hits you!
* * * LOW HITPOINT WARNING * * *
A deep elf zephyrmancer comes into view.
It is wielding a +0 dagger.
The deep elf zephyrmancer points at you and mumbles some strange words.
The bolt of lightning hits you!!
You die...
Your body crumbles into a pile of gold.

#.######..#####
.............###### #
#.$..................
....$..#..#..#..#..#.
##........$.{........
##............e......
.#....########''#####
...#)$# #....#
##....# $#..$@#
#..).# #....# #.#).#
......... #....#


ee........ $ ##....# ..######..# ##.#).# . ... ......# .... ##....# ##### #.#..#
$ You could see a deep elf archer (repels missiles) and 2 deep elf
zephyrmancers.

Vanquished Creatures
  Jorgrun (D:12)
  Rupert (D:13)
  Frances (D:13)
  Agnes (D:14)
  Gastronok (D:10)
  Josephine (D:12)
  Snorg (D:14)
  2 ogre magi (D:10)
  6 hydras
  A catoblepas (Lair:5)
  3 centaur warriors
  5 two-headed ogres
  A boulder beetle (D:14)
  7 death yaks (Lair:5)
  A tengu warrior (D:13)
  The ghost of AverageBear the Cleaver, a novice OpFi of Gozag (D:9)
  2 goliath frogs (Lair:5)
  A deep elf archer (D:14)
  5 deep elf pyromancers
  A harpy (shapeshifter) (D:10)
  6 ugly things
  2 orc knights
  2 deep elf zephyrmancers (D:14)
  3 cyclopes
  Maurice (D:12)
  2 manticores
  A black mamba (Lair:5)
  5 elephants
  24 cane toads
  2 gargoyles
  A torpor snail (Lair:5)
  3 kobold demonologists
  7 komodo dragons
  A freezing wraith (D:7)
  3 rime drakes
  A hornet (D:10)
  3 tyrant leeches
  3 trolls
  3 polar bears
  27 blink frogs
  8 dream sheep
  15 slime creatures
  2 vampires
  7 wraiths
  2 shadows (D:10)
  3 basilisks
  75 yaks
  A wyvern (D:11)
  16 humans
  3 steam dragons
  5 vampire mosquitoes
  A swamp worm (Lair:2)
  11 water moccasins
  2 acid dragons
  A sky beast (D:8)
  An ice beast (D:5)
  6 black bears
  3 orc warriors
  5 centaurs
  An ogre (D:14)
  12 wolves
  A phantom (D:6)
  2 kobold brigands
  13 bullfrogs
  3 gnoll sergeants
  6 scorpions
  16 wights
  8 killer bees
  2 electric eels
  7 howler monkeys
  A hound (D:3)
  4 orc priests
  4 jellies
  An iron imp (D:4)
  3 iguanas
  10 orc wizards
  6 hell rats (Lair:1)
  13 gnolls
  7 adders
  2 shadow imps (D:6)
  A white imp (D:3)
  An ufetubus (D:4)
  2 worms
  A dart slug (D:1)
  41 orcs
  8 endoplasms
  7 giant cockroaches
  14 goblins
  6 hobgoblins
  5 quokkas
  11 ball pythons
  6 bats
  3 frilled lizards
  16 kobolds
  7 rats
561 creatures vanquished.

Notes
Turn   | Place    | Note
-------+----------+-------------------------------------------
     0 | D:1      | Kranky the Minotaur Gladiator began the quest for the Orb.
     0 | D:1      | Reached XP level 1. HP: 18/18 MP: 0/0
     1 | D:1      | Found Ymnued's Book Shoppe.
    19 | D:1      | Found Oreuchon's Magic Scroll Shop.
    37 | D:1      | Found Cemoq's Assorted Antiques.
    89 | D:1      | Reached skill level 1 in Armour
   100 | D:1      | Reached XP level 2. HP: 25/25 MP: 1/1
   124 | D:1      | Found a faded altar of an unknown god.
   277 | D:1      | Found Nytij's Antique Weapon Shoppe.
   279 | D:1      | Reached skill level 3 in Fighting
   485 | D:1      | Found Delod's Distillery.
   658 | D:2      | Reached XP level 3. HP: 19/31 MP: 2/2
   971 | D:2      | Reached XP level 4. HP: 38/38 MP: 3/3
  1342 | D:3      | Found a glowing golden altar of the Shining One.
  1695 | D:3      | Reached skill level 4 in Fighting
  1695 | D:3      | Reached skill level 5 in Polearms
  1697 | D:3      | Reached XP level 5. HP: 38/46 MP: 4/4
  1954 | D:3      | Found Fazesuc's General Store.
  2522 | D:4      | Reached XP level 6. HP: 55/55 MP: 5/5
  2615 | D:4      | Found a staircase to the Ecumenical Temple.
  2623 | D:4      | Reached skill level 5 in Fighting
  2626 | Temple   | Entered the Ecumenical Temple
  2940 | Temple   | Became a worshipper of Gozag Ym Sagoz the Greedy
  3384 | D:4      | Found a snail-covered altar of Cheibriados.
  3485 | D:5      | Entered Level 5 of the Dungeon
  3495 | D:5      | Reached XP level 7. HP: 40/61 MP: 4/6
  3596 | D:5      | Reached skill level 5 in Armour
  3879 | D:5      | You fall into a shaft and drop 3 floors!
  3897 | D:8      | Reached skill level 6 in Fighting
  4186 | D:8      | Reached XP level 8. HP: 56/71 MP: 4/7
  4206 | D:8      | Reached skill level 7 in Fighting
  4815 | D:8      | HP: 1/73 [acid dragon (11)]
  5145 | D:8      | Found a basalt altar of Yredelemnul.
  5163 | D:8      | Reached skill level 8 in Fighting
  5211 | D:8      | Found an ancient bone altar of Kikubaaqudgha.
  5345 | D:8      | Found an ornate altar of the Wu Jian Council.
  6047 | D:7      | Reached XP level 9. HP: 58/82 MP: 5/8
  6734 | D:7      | Found a faded altar of an unknown god.
  6734 | D:7      | Noticed a freezing wraith
  6734 | D:7      | Found the Hermit's Pendant {Faith Invo=14 Evo=0 MP+5}
  6746 | D:7      | Killed a freezing wraith
  6747 | D:7      | Reached skill level 9 in Fighting
  7067 | D:6      | Noticed a two-headed ogre
  7076 | D:6      | Killed a two-headed ogre
  7077 | D:6      | Reached skill level 10 in Polearms
  7166 | D:6      | Noticed a troll
  7172 | D:6      | Killed a troll
  7173 | D:6      | Reached skill level 10 in Fighting
  7558 | D:6      | Reached XP level 10. HP: 93/93 MP: 9/9
  7611 | D:6      | Found a glowing silver altar of Zin.
  8069 | D:5      | Reached skill level 10 in Armour
  8164 | D:5      | Found a shimmering blue altar of Sif Muna.
  8290 | D:1      | Bought a potion of heal wounds for 65 gold pieces
  8290 | D:1      | Bought a potion of mutation for 104 gold pieces
  8466 | D:1      | Bought a scroll labelled HEAFUW VEGIEKK for 27 gold pieces
  8861 | D:9      | Found a runed translucent gate.
  8862 | D:9      | Found a runed translucent gate.
  8862 | D:9      | Noticed turdburglar's ghost (novice MfGl)
  8863 | D:9      | Found a runed translucent gate.
  9068 | D:9      | Reached skill level 11 in Fighting
  9219 | D:9      | Found a broken altar of Ashenzari.
  9427 | D:9      | Found a bloodstained altar of Trog.
  9599 | D:9      | Noticed a two-headed ogre
  9607 | D:9      | Killed a two-headed ogre
  9674 | D:9      | Found Yjyaddess's General Store.
  9682 | D:9      | Bought a scroll of immolation for 44 gold pieces
  9765 | D:9      | Reached XP level 11. HP: 96/104 MP: 10/10
  9944 | D:10     | Entered Level 10 of the Dungeon
  9952 | D:10     | Reached skill level 12 in Fighting
  9994 | D:10     | Paralysed by a hornet for 2 turns
 10044 | D:10     | Found a portal to a secret trove of treasure.
 10087 | D:10     | Noticed Gastronok
 10106 | D:10     | Killed Gastronok
 10720 | D:10     | Found Pazuuvoc's Book Emporium.
 10794 | D:10     | Found a staircase to the Orcish Mines.
 10827 | D:10     | Found a runed translucent gate.
 10828 | D:10     | Found a runed translucent gate.
 10829 | D:10     | Found a runed translucent gate.
 10829 | D:10     | Found an opulent altar of Gozag.
 10830 | D:10     | Noticed an ogre mage
 10831 | D:10     | Found Vethroat's Assorted Antiques.
 10831 | D:10     | Noticed an ogre mage
 10831 | D:10     | Noticed AverageBear's ghost (novice OpFi)
 10832 | D:10     | Noticed a fire crab
 10925 | D:10     | a black mamba changed into a harpy
 10925 | D:10     | Noticed a harpy (shapeshifter)
 10943 | D:10     | Killed a harpy
 10955 | D:10     | Killed an ogre mage
 11160 | D:10     | Killed an ogre mage
 11161 | D:10     | Reached skill level 13 in Fighting
 11173 | D:9      | Killed AverageBear's ghost
 11438 | D:11     | Found a staircase to the Lair.
 11452 | D:11     | Noticed a two-headed ogre
 11460 | D:11     | Killed a two-headed ogre
 11638 | D:11     | Found a glowing golden altar of the Shining One.
 11658 | D:11     | Noticed a two-headed ogre
 11667 | D:11     | Killed a two-headed ogre
 11987 | D:11     | Noticed a purple ugly thing
 12004 | D:11     | Killed a purple ugly thing
 12005 | D:11     | Reached XP level 12. HP: 109/116 MP: 11/11
 12208 | D:11     | Identified the +7 rapier "Tanuroba" {flame, Dex+2}
 12357 | D:12     | Noticed a two-headed ogre
 12375 | D:12     | Killed a two-headed ogre
 12376 | D:12     | Reached skill level 1 in Shields
 12376 | D:12     | Reached skill level 1 in Evocations
 12722 | D:12     | Noticed Maurice
 12736 | D:12     | Killed Maurice
 12772 | D:12     | Noticed Josephine
 12812 | D:12     | Killed Josephine
 12813 | D:12     | Reached skill level 14 in Fighting
 12827 | D:12     | Noticed Jorgrun
 13432 | D:12     | Killed Jorgrun
 13433 | D:12     | Reached skill level 5 in Dodging
 13763 | Lair:1   | Entered Level 1 of the Lair of Beasts
 14678 | Lair:2   | Reached skill level 5 in Shields
 14899 | Lair:2   | Identified the +6 long sword "Kepis" {freeze, rF+ Int+2}
 15202 | Lair:2   | Noticed a seven-headed hydra
 15207 | Lair:2   | Killed a seven-headed hydra
 15291 | Lair:2   | Reached XP level 13. HP: 125/125 MP: 12/12
 15467 | Lair:2   | Found a staircase to the Swamp.
 15924 | Lair:3   | Found a hole to the Spider Nest.
 15963 | Lair:3   | Reached skill level 15 in Fighting
 15991 | Lair:3   | Reached skill level 5 in Evocations
 17168 | Lair:4   | Found a staircase to the Slime Pits.
 17169 | Lair:4   | Found a viscous altar of Jiyva.
 17525 | Lair:4   | Reached skill level 16 in Fighting
 18665 | Lair:5   | Entered Level 5 of the Lair of Beasts
 19026 | Lair:5   | Reached skill level 17 in Fighting
 19272 | Lair:5   | Reached skill level 18 in Fighting
 19272 | Lair:5   | Reached XP level 14. HP: 124/143 MP: 13/13
 19698 | Lair:5   | Reached skill level 19 in Fighting
 20407 | Lair:5   | Found the +8 storm bow {elec, penet}
 20902 | Lair:5   | Reached skill level 20 in Fighting
 21768 | D:13     | Found a shadowy altar of Dithmenos.
 22587 | D:13     | Noticed Frances
 22612 | D:13     | Killed Frances
 22613 | D:13     | Reached skill level 21 in Fighting
 23093 | D:14     | Noticed Rupert
 23093 | D:14     | Found a gate to the Vaults.
 23094 | D:14     | Paralysed by Rupert for 2 turns
 23218 | D:14     | Noticed Snorg
 23224 | D:14     | Killed Snorg
 23685 | D:14     | Noticed Lodul
 23988 | D:13     | Killed Rupert
 23989 | D:13     | Reached XP level 15. HP: 112/158 MP: 14/14
 24821 | D:14     | Noticed Agnes
 24833 | D:14     | Killed Agnes
 25082 | D:14     | Killed from afar by a deep elf zephyrmancer

Illustrated notes

Levels and vault maps discovered:
D:1:      minmay_arrival_open_corners, layout_basic,
          shapermc_ecumenical_altar_gd, serial_shops, shop, shop_statue,
          nicolae_shop_industrial_runoff, nicolae_shop_statue_plus,
          nicolae_shop_rolling_square
D:2:      layout_loops_cross, minmay_pentomino_pile
D:3:      minmay_bubble_buster, layout_loops_ring, lemuel_round_altar,
          serial_shops, shop, minmay_misc_feat_ornament,
          hangedman_decor_peaks_small, minmay_increasing_density
D:4:      layout_rooms, slow_altar_2, temple_doors_cd
D:5:      layout_basic, kennysheep_mini_moat, interstate_on_off
D:6:      layout_basic, mainiacjoe_overflow_alcove_2
D:7:      layout_cave_pools, chequers_serial_rivers_micro_c,
          hellmonk_guarded_unrand_hermit
D:8:      layout_basic, yredelemnul_altar_generic, mainiacjoe_overflow_swirl
D:9:      layout_long_grid, marbit_many_paths, ashenzari_conservatory_becter,
          gammafunk_ghost_nasty_kobolds, serial_shops,
          nicolae_shop_pleasant_corner_grove
D:10:     layout_basic, orc_0_dummy, ebering_ghost_gozag, serial_shops, shop,
          nicolae_trove_entry_isolated, hex_tiny, uniq_gastronok
D:11:     layout_roguey, lair_entry_dummy, tso_oasis_becter
D:12:     layout_gridville, uniq_maurice, uniq_jorgrun, uniq_josephine
D:13:     layout_irregular_city, minmay_gold_behind_fungi,
          grunt_dithmenos_smoke_and_mirrors, uniq_frances
D:14:     minmay_elf_outpost, layout_loops_cross, david_vaults_3, uniq_rupert,
          uniq_snorg, uniq_agnes, uniq_lodul
Temple:   oiseaux_autumnal_temple
Lair:1:   layout_cave_pods, grunt_megastairs_2
Lair:2:   layout_loops_ring, minmay_swamp_entry_worms
Lair:3:   layout_gridlike, dummy_spider_entry
Lair:4:   layout_layer_cave, nicolae_slime_entry_slimehenge, serial_rivers,
          chequers_serial_rivers_micro_b, chequers_serial_rivers_small_a,
          chequers_serial_rivers_room_b, chequers_serial_rivers_room_a,
          chequers_serial_rivers_room_a, chequers_serial_rivers_small_b,
          patterned_corridor, lemuel_fruit_tree
Lair:5:   minmay_lair_end_frog_pond, layout_regular_city, st_stairs_9

Skill      XL: |  1  2  3  4  5  6  7  8  9 10 11 12 13 14 15 |
---------------+----------------------------------------------+-----
Armour         | 1 2 3 4 6 8 9 11 13 14 | 14.8
Polearms       | 4 5 6 7 9 10 12 13 14 | 14.7
Fighting       | 3 4 5 6 8 10 11 13 14 18 21 | 21.5
Shields        | 5 8 9 |  9.3
Evocations     | 4 6 |  6.0
Dodging        | 6 |  6.0
Throwing       | |  2.0

Action                     |  1- 3 |  4- 6 |  7- 9 | 10-12 | 13-15 || total
---------------------------+-------+-------+-------+-------+-------++-------
  Melee: Trident           |    66 |   185 |   203 |   660 |  1139 ||  2253
         Headbutt          |     6 |    21 |    29 |   141 |   312 ||   509
         Punch             |       |     1 |     2 |     2 |       ||     5
         Spear             |       |       |    26 |       |       ||    26
    Use: Scroll            |       |       |       |    20 |     6 ||    26
         Potion            |       |       |       |     3 |       ||     3
   Stab: Sleeping          |     2 |       |       |       |       ||     2
         Distracted        |       |       |       |     2 |     3 ||     5
 Armour: Leather armour    |     7 |    20 |       |       |       ||    27
         Chain mail        |       |    29 |    25 |       |       ||    54
         Plate armour      |       |       |    59 |   212 |   411 ||   682
  Dodge: Dodged            |    16 |    75 |    65 |   135 |   276 ||   567
  Block: Kite shield       |       |       |       |    74 |   364 ||   438
